AoeStats
← NDF

Arabia

506274383Analyzed
2v2 RM · 19d ago on Sep 13, 2026· 61m 44s· 4 players
Game mode
Random Map
Map size
Medium (4 player)
Population
200
Speed
Normal
Resources
Standard
Victory
Conquest
Starting age
Dark Age
Ending age
Imperial Age
RankedLock teamsTeams togetherTeam positionsShared explorationLock speedFull tech treeHidden civsTurbo modeCheats
Victory
Defeat
🇦🇷 Teutons · Argentina
759
+16
🇦🇷 Spanish · Argentina
757
+16
🇵🇪 Byzantines · Peru
792
-17
🇨🇱 Mongols · Chile
722
-15
NDF
3:52 Loom
12:22 Feudal Age
20:25 Castle Age
18:26 Double-Bit Axe
19:08 Forging
19:00 Padded Archer Armor
18:51 Fletching
18:51 Horse Collar
19:39 Stone Mining
21:36 Arson
21:52 Squires
21:13 Pikeman
27:39 Iron Casting
31:46 Imperial Age
29:22 Gold Mining
32:25 Stone Shaft Mining
34:11 Bow Saw
35:07 Blast Furnace
36:33 Heavy Plow
36:43 Scale Mail Armor
40:17 Ironclad
43:55 Two-Man Saw
44:08 Bodkin Arrow
45:30 Elite Teutonic Knight
46:47 Elite Skirmisher
48:13 Chain Mail Armor
48:16 Leather Archer Armor
48:07 Scale Barding Armor
49:40 Wheelbarrow
48:51 Town Watch
50:05 Masonry
51:42 Hoardings
52:40 Siege Engineers
54:07 Sappers
58:39 Plate Mail Armor
58:30 Chain Barding Armor
59:25 Chemistry
estebanpa
11:46 Feudal Age
10:25 Loom
12:37 Double-Bit Axe
12:40 Horse Collar
18:15 Castle Age
17:04 Bloodlines
19:30 Heavy Plow
19:51 Scale Barding Armor
21:50 Chain Barding Armor
23:07 Husbandry
23:22 Gold Mining
25:39 Squires
25:11 Pikeman
27:17 Bow Saw
31:51 Imperial Age
32:37 Scale Mail Armor
32:48 Forging
35:38 Halberdier
37:26 Chain Mail Armor
37:46 Iron Casting
37:32 Cavalier
42:05 Two-Man Saw
40:59 Stone Mining
42:37 Paladin
43:45 Padded Archer Armor
43:35 Fletching
44:21 Plate Barding Armor
43:42 Elite Skirmisher
46:17 Leather Archer Armor
45:58 Bodkin Arrow
48:16 Ring Archer Armor
47:47 Bracer
61:41 Stone Shaft Mining
ArminioTeuto
10:34 Feudal Age
9:27 Loom
11:51 Double-Bit Axe
20:58 Castle Age
19:02 Gold Mining
20:05 Scale Barding Armor
21:14 Forging
25:51 Bow Saw
26:24 Gold Shaft Mining
27:40 Husbandry
34:39 Imperial Age
32:46 Wheelbarrow
32:44 Chain Barding Armor
34:31 Iron Casting
34:08 Horse Collar
35:02 Pikeman
37:04 Hand Cart
40:08 Chemistry
39:58 Stone Mining
43:53 Fletching
44:40 Plate Barding Armor
43:28 Heavy Camel Rider
45:57 Conscription
46:12 Heavy Plow
52:13 Hoardings
52:52 Bodkin Arrow
EL WERSEIKER
2:18 Loom
13:04 Feudal Age
13:37 Double-Bit Axe
14:03 Horse Collar
16:06 Wheelbarrow
15:24 Gold Mining
16:26 Stone Mining
26:23 Castle Age
27:12 Padded Archer Armor
27:04 Fletching
27:21 Scale Barding Armor
29:32 Gold Shaft Mining
29:33 Bow Saw
30:04 Murder Holes
31:16 Hand Cart
33:54 Imperial Age
32:20 Leather Archer Armor
32:01 Bodkin Arrow
32:51 Fortified Wall
32:52 Masonry
33:00 Heavy Plow
36:02 Chemistry
35:39 Hand Cart
35:55 Caravan
39:21 Cavalier
40:02 Husbandry
Connection lost

Rejoining the realm…

Still unreachable

The connection could not be restored.

Session expired

The server has moved on; the page needs a fresh start.